 Dungeon Crawl Stone Soup version 0.22-a0-580-gd5db89c (webtiles) character file.

576 varam the Sneak (level 7, 0/35 HPs)
             Began as a Spriggan Abyssal Knight on July 3, 2018.
             Was a Priest of Lugonu.
             Slain by an ogre
             ... wielding a +0 giant spiked club
              (4 damage)
             ... on level 4 of the Dungeon.
             The game lasted 00:19:39 (5149 turns).

varam the Sneak (Spriggan Abyssal Knight)           Turns: 5149, Time: 00:19:40

Health: 0/35       AC:  2    Str: 12    XL:     7   Next: 13%
Magic:  11/11      EV: 21    Int: 15    God:    Lugonu [***...]
Gold:   170        SH:  0    Dex: 15    Spells: 6/6 levels left

rFire    . . .     SeeInvis +   u - +1 short sword (drain)
rCold    . . .     Gourm    .   (shield restricted)
rNeg     . . .     Faith    .   b - +0 robe
rPois    .         Spirit   .   (helmet restricted)
rElec    .         Reflect  .   (no cloak)
rCorr    .         Harm     .   (gloves unavailable)
MR       +....                  (boots unavailable)
Stlth    +++.......             (no amulet)
HPRegen  0.11/turn              c - +3 ring of strength
MPRegen  0.12/turn              v - +3 ring of evasion

@: very quick
A: very small, unfitting armour, see invisible, herbivore, speed 3, slow
metabolism 2
a: Depart the Abyss, Bend Space, Banish, Renounce Religion


You were on level 4 of the Dungeon.
You worshipped Lugonu.
Lugonu was most pleased with you.
You were not hungry.

You visited 1 branch of the dungeon, and saw 4 of its levels.
You visited the Abyss 1 time.

You collected 170 gold pieces.

Inventory:

Hand Weapons
 a - a +2 antimagic dagger
 o - a +0 hunting sling
 u - a +1 short sword of draining (weapon)
Missiles
 l - 84 stones (quivered)
 n - 34 sling bullets
Armour
 b - a +0 robe (worn)
Magical Staves
 i - an uncursed staff of earth {unknown}
Jewellery
 c - a +3 ring of strength (left hand)
 v - a +3 ring of evasion (right hand)
Scrolls
 d - a scroll of fear {unknown}
 k - 3 scrolls of amnesia
 m - a scroll of random uselessness {unknown}
 r - a scroll of identify
 t - 2 scrolls of teleportation
 w - 4 scrolls of remove curse
Potions
 f - a potion of heal wounds {unknown}
 g - 2 potions of magic
 h - a potion of agility {unknown}
 p - a potion of resistance {unknown}
 q - 3 potions of curing
 s - 2 potions of might {unknown}
Comestibles
 e - 2 rations


   Skills:
 - Level 2.4 Fighting
 + Level 5.0 Short Blades
 + Level 3.6 Slings
 - Level 3.5 Dodging
 + Level 6.1 Stealth
 + Level 4.0 Invocations


You had 6 spell levels left.
You didn't know any spells.
Your spell library was empty.

Dungeon Overview and Level Annotations

Branches:
Dungeon (4/15)
 Temple: D:4-7

Altars:
Cheibriados
Fedhas
Nemelex Xobeh
Okawaru
Ru
Sif Muna
Uskayaw
Zin


Innate Abilities, Weirdness & Mutations

You are very small and have problems with some larger weapons.
You are too small for most types of armour.
You have supernaturally acute eyesight. (SInv)
You are a herbivore.
You cover ground extremely quickly.
You need to consume almost no food.


Message History

The ogre is heavily wounded.
The ogre closely misses you.
You hit the ogre but do no damage. You drain the ogre!
The ogre is severely wounded.
The ogre closely misses you.
You barely miss the ogre.
The ogre is severely wounded.
You hit the ogre. You drain the ogre!
The ogre is severely wounded.
The ogre hits you with a giant spiked club!
* * * LOW HITPOINT WARNING * * *
You hit the ogre.
The ogre is almost dead.
You barely miss the ogre.
The ogre is almost dead.
The ogre closely misses you.
You barely miss the ogre.
The ogre is almost dead.
The ogre hits you with a giant spiked club.
You die...

####...###...# #.# #.#
#....
..........###.###.###.#
#.### #####...#.#
#.........# #.#
##.##.###.###.##### #.#
#.##.........# #.#
...#####.##### #.#
#...#####.# #.#
..........# #.#
.>.$.....@.#
#.....O...# .#........#
#.........# .#.##......
#. #...#### #####


You could see an ogre.

Vanquished Creatures
  2 ogres (D:4)
  A scorpion (D:4)
  3 orc wizards
  A worker ant (D:4)
  A hound skeleton (D:4)
  A howler monkey skeleton (D:4)
  7 gnolls
  6 adders
  5 worms
  A dart slug (D:1)
  2 leopard geckos
  16 orcs
  A ball python (D:2)
  2 giant cockroaches (D:1)
  4 hobgoblins
  12 jackals
  8 bats
  5 frilled lizards
  5 goblins
  4 kobolds
  11 rats
98 creatures vanquished.

Vanquished Creatures (others)
  A quokka (D:2)
1 creature vanquished.

Grand Total: 99 creatures vanquished

Notes
Turn   | Place    | Note
-------+----------+-------------------------------------------
     0 | Abyss:1  | varam the Spriggan Abyssal Knight began the quest for the Orb.
     0 | Abyss:1  | Reached XP level 1. HP: 11/11 MP: 3/3
    64 | Abyss:2  | Noticed an ancient zyme
   122 | Abyss:3  | Noticed a glowing orange brain
   122 | Abyss:3  | Noticed a great orb of eyes
   143 | Abyss:3  | Noticed a thrashing horror
   143 | Abyss:3  | Noticed a thrashing horror
   147 | D:1      | Escaped the Abyss
   194 | D:1      | Reached skill level 1 in Stealth
   518 | D:1      | Reached XP level 2. HP: 13/16 MP: 4/4
   521 | D:1      | Reached * piety under Lugonu
   521 | D:1      | Reached skill level 2 in Stealth
  1061 | D:2      | Reached XP level 3. HP: 19/19 MP: 5/5
  1124 | D:1      | Reached skill level 3 in Stealth
  1331 | D:2      | Found a sacrificial altar of Ru.
  2000 | D:2      | Reached ** piety under Lugonu
  2442 | D:3      | Found an iron altar of Okawaru.
  2443 | D:3      | Found a blossoming altar of Fedhas.
  2443 | D:3      | Found a sparkling altar of Nemelex Xobeh.
  2444 | D:3      | Found a deep blue altar of Sif Muna.
  2541 | D:3      | Reached XP level 4. HP: 23/23 MP: 6/6
  2773 | D:3      | Reached skill level 1 in Slings
  2969 | D:3      | Found a hide-covered altar of Uskayaw.
  3345 | D:3      | Reached skill level 4 in Stealth
  3408 | D:3      | Reached XP level 5. HP: 19/27 MP: 8/8
  4047 | D:3      | Found a snail-covered altar of Cheibriados.
  4047 | D:3      | Found a glowing silver altar of Zin.
  4298 | D:4      | Reached *** piety under Lugonu
  4500 | D:4      | Reached skill level 5 in Stealth
  4500 | D:4      | Reached XP level 6. HP: 14/32 MP: 3/9
  5110 | D:4      | Reached skill level 5 in Short Blades
  5110 | D:4      | Reached skill level 6 in Stealth
  5110 | D:4      | Reached XP level 7. HP: 29/35 MP: 9/11
  5149 | D:4      | Slain by an ogre

Vault maps used:
D:1:      grunt_arrival_crossed_arrows
D:2:      nicolae_ru_great_annihilating_truth
D:3:      marbit_many_paths, gammafunk_temple_overflow_elements,
          chequers_temple_overflow_statue_of_worship
D:4:      first_ration
Abyss:3:  guppyfry_abyss_exit_imp_island, evilmike_abyss_rune_elephants_shrine,
          hangedman_abyss_exit_choices

Skill      XL: |  1  2  3  4  5  6 |
---------------+-------------------+-----
Stealth        | 1 2 3 4 5 6 |  6.1
Short Blades   | 3 4 5 |  5.0
Invocations    | 2 3 4 |  4.0
Slings         | 1 2 3 |  3.6
Fighting       | |  2.4
Dodging        | |  3.5

Action                   |  1- 3 |  4- 6 |  7- 9 || total
-------------------------+-------+-------+-------++-------
Melee: Short sword       |   125 |   158 |    14 ||   297
       Dagger            |       |    10 |       ||    10
 Fire: Hunting sling     |    39 |    99 |       ||   138
Throw: Stone             |    10 |     6 |       ||    16
Invok: Depart the Abyss  |     1 |       |       ||     1
       Bend Space        |       |     2 |       ||     2
  Use: Scroll            |       |     6 |       ||     6
 Stab: Sleeping          |     7 |     1 |       ||     8
       Paralysed         |     1 |       |       ||     1
  Eat: Ration            |       |     1 |       ||     1
Armor: Robe              |    12 |     5 |       ||    17
Dodge: Dodged            |   116 |   147 |     8 ||   271

Table legend:
 A = Spawn XP
 B = Non-spawn XP
 C = Spawn XP percentage of total XP
 D = Spawn monster count
 E = Non-spawn monster count
 F = Spawn count percentage of total count
 G = Total turns spent on level
                    A         B        C        D         E        F      G
               +---------+---------+-------+---------+---------+-------+---------
         Total |       0 |     824 |   0.0 |       0 |      99 |   0.0 |  5149
               +---------+---------+-------+---------+---------+-------+---------
           D:1 |       0 |      37 |   0.0 |       0 |      21 |   0.0 |  1128
           D:2 |       0 |      54 |   0.0 |       0 |      24 |   0.0 |  1150
           D:3 |       0 |     199 |   0.0 |       0 |      29 |   0.0 |  1774
           D:4 |       0 |     534 |   0.0 |       0 |      25 |   0.0 |   950
               +---------+---------+-------+---------+---------+-------+---------
